 Dungeon Crawl Stone Soup version 0.29-a0-414-g5075937ec3 (webtiles) character file.

Game seed: 9016913949115905469

72 xian the Charlatan (level 4, -1/25 HPs)
             Began as a Tengu Artificer on May 15, 2022.
             Slain by an adder (2 damage)
             ... on level 2 of the Dungeon.
             The game lasted 00:10:09 (2079 turns).

xian the Charlatan (Tengu Artificer)                Turns: 2079, Time: 00:10:10

Health: -1/25      AC:  4    Str: 12    XL:     4   Next: 26%
Magic:  5/5        EV: 11    Int: 11    God:
Gold:   55         SH:  4    Dex: 17    Spells: 3/3 levels left

rFire   . . .      SeeInvis .   a - +0 club
rCold   . . .      Faith    .   k - +0 buckler
rNeg    . . .      Spirit   .   b - +0 leather armour
rPois   .          Reflect  .   (helmet restricted)
rElec   .          Harm     .   (no cloak)
rCorr   .          Rampage  .   j - +0 pair of gloves
Will    .....                   (boots unavailable)
Stlth   ++........              (no amulet)
HPRegen 0.08/turn               (no ring)
MPRegen 0.09/turn               (no ring)

@: no status effects
A: beak, talons 3
a: no special abilities


You were on level 2 of the Dungeon.
You visited 1 branch of the dungeon, and saw 3 of its levels.

You collected 55 gold pieces.

Inventory:

Hand Weapons
 a - a +0 club (weapon)
Missiles
 g - a throwing net
Armour
 b - a +0 leather armour (worn)
 j - a +0 pair of gloves (worn)
 k - a +0 buckler (worn)
Wands
 d - a wand of charming (14)
 e - a wand of iceblast (8)
Scrolls
 c - a scroll of torment {unknown}
 h - a scroll of immolation {unknown}
 l - 2 scrolls of identify {unknown}
 n - a scroll of fog {unknown}
Potions
 f - 2 potions of haste {unknown}
 i - 2 potions of might {unknown}
 m - a potion of heal wounds {unknown}


   Skills:
 + Level 1.4 Fighting
 + Level 1.6 Maces & Flails
 + Level 3.0 Armour
 + Level 1.1 Dodging
 + Level 1.1 Stealth
 + Level 3.9 Evocations


You had 3 spell levels left.
You didn't know any spells.
Your spell library was empty.

Dungeon Overview and Level Annotations

Branches:
Dungeon (3/15)

Altars:


Innate Abilities, Weirdness & Mutations

You have a beak for a mouth.
You have claws for feet.


Message History

Aiming: Iceblast
Press: ? - help, Shift-Dir - straight line
Okay, then.
You escape the ball python's grasp.
You feel sick. The adder barely misses you.
Aiming: Iceblast
Press: ? - help, Shift-Dir - straight line
Okay, then.
You feel sick. The ball python barely misses you. The ball python grabs you.
The ball python constricts you.
There is a stone staircase leading up here.
You can't go down here!
The ball python's grasp on you weakens, but your attempt to escape fails.
You feel sick. The adder bites you but does no damage.
The ball python bites you.
* * * LOW HITPOINT WARNING * * *
The ball python constricts you.
* * * LOW HITPOINT WARNING * * *
The adder barely misses you.
You escape the ball python's grasp.
* * * LOW HITPOINT WARNING * * *
You feel sick. The adder barely misses you.
You block the ball python's attack. x2
You climb upwards.
* * * LOW HITPOINT WARNING * * *
You feel sick.
There is a stone staircase leading down here.
Aiming: Charm
Press: ? - help, Shift-Dir - straight line, f - ball python
Aim: a ball python (chance to affect: 75%)
The ball python is charmed.
* * * LOW HITPOINT WARNING * * *
You feel sick.
You are no longer poisoned.
The adder bites you but does no damage. The adder misses you.
The adder bites your ball python.
Your ball python dies!
You closely miss the adder. You claw the adder, but do no damage.
The adder is heavily wounded.
The adder bites you.
You die...

####### ###
#.....#######.##
#.###....@S..>.######
#.....########......###
#####..####
#...##...#### #######
##.)..## ##...###.....
#.....# ####..#
##...#####.. #.....#
##.# ##..#####..
#.....# #.####
#......### #.....#
#....####..##.##
#.....#
####...###.....#


You could see an adder.

Vanquished Creatures
  3 adders (D:2)
  A dart slug (D:1)
  6 endoplasms
  4 giant cockroaches
  3 goblins
  5 hobgoblins
  3 jackals (D:1)
  A quokka (D:1)
  2 ball pythons
  2 bats (D:2)
  7 kobolds
  2 rats
39 creatures vanquished.

Vanquished Creatures (others)
  A ball python (D:2)
  3 plants (D:1)
4 creatures vanquished.

Grand Total: 43 creatures vanquished

Notes
Turn   | Place    | Note
-------+----------+-------------------------------------------
     0 | D:1      | xian the Tengu Artificer began the quest for the Orb.
     0 | D:1      | Reached XP level 1. HP: 12/12 MP: 2/2
   374 | D:1      | Reached XP level 2. HP: 16/16 MP: 3/3
   394 | D:1      | Found a faded altar of an unknown god.
  1124 | D:1      | Reached XP level 3. HP: 17/20 MP: 4/4
  1334 | D:2      | Reached skill level 1 in Maces & Flails
  1599 | D:2      | Reached XP level 4. HP: 19/25 MP: 5/5
  2074 | D:2      | HP: 1/25 [poisoned by an adder]
  2079 | D:2      | Slain by an adder

Illustrated notes

Levels and vault maps discovered:
D:1:      ebering_trefoil_3fold, layout_basic,
          shapermc_ecumenical_altar_mp_ritualfount
D:2:      layout_rooms
D:3:      layout_loops_corners, nicolae_gozag_seed_capital, serial_undead,
          serial_undead_d, serial_undead_b, serial_undead_e, serial_undead_d,
          serial_undead_c, serial_undead_e, serial_undead_e, serial_undead_a,
          minivault_27, dreamdust_princess_bridge, kennysheep_generic_room_6

Skill      XL: |  1  2  3 |
---------------+----------+-----
Armour         | 3 |  3.0
Maces & Flails | 1 |  1.6
Fighting       | |  1.4
Dodging        | |  1.1
Stealth        | |  1.1
Evocations     | |  3.9

Action                   |  1- 3 |  4- 6 || total
-------------------------+-------+-------++-------
Melee: Club              |    64 |    23 ||    87
       Kick              |    23 |     9 ||    32
       Peck              |    11 |     4 ||    15
Evoke: Wand              |    16 |     1 ||    17
 Stab: Sleeping          |     1 |     1 ||     2
Armor: Leather armour    |    16 |    12 ||    28
Dodge: Dodged            |    41 |    25 ||    66
Block: Buckler           |       |     6 ||     6

Table legend: (Time is in decaauts)
 A = Elapsed time spent in this place.
 B = Non-inter-level travel time spent in this place.
 C = Inter-level travel time spent in this place.
 D = Time resting spent in this place.
 E = Time spent auto-exploring this place.
 F = Levels seen in this place.
 G = Mean time per level.
                   A        B        C        D        E       F      G
               +--------+--------+--------+--------+--------+-----+--------+
         Total |   2102 |   2029 |     73 |      0 |   1500 |   3 |  700.7 |
       Dungeon |   2102 |   2029 |     73 |      0 |   1500 |   3 |  700.7 |
               +--------+--------+--------+--------+--------+-----+--------+

Top non-repeatable levels by time:
     D:1: 1339 daAuts
     D:2: 748 daAuts
     D:3: 14 daAuts
